Map: White Rabbit LE

Players

BlueYeti - Winner!

  • Race: Terran Terran
  • League: Gold
  • Spawn Location: 7:00

SCIInewby

  • Race: Zerg Zerg
  • League: Master
  • Spawn Location: 1:00

VOD

Have the link to the VOD?

Description

Time

  • Played on: Feb. 8, 2026, 3:12 p.m.
  • Length: 24:31
Show
View Real Time Build Order
Export as new Build Order

BlueYeti Terran - Winner!

Build Orders: Command Center First 

Get SALT Encoding   

  12  0:00  SCV  
  13  0:12  SCV  
  14  0:17  Supply Depot  
  14  0:24  SCV  
  15  0:38  SCV  
  16  0:51  SCV  
  17  1:03  SCV  
  18  1:15  Command Center, SCV  
  19  1:23  Barracks  
  19  1:33  SCV  
  19  1:39  Refinery  
  20  1:46  SCV  
  21  1:58  SCV  
  22  2:05  Refinery  
  22  2:10  SCV  
  22  2:15  Supply Depot  
  23  2:27  Barracks Reactor  
  23  2:28  Orbital Command  
  23  2:30  Orbital Command  
  23  2:36  Supply Depot  
  23  2:59  Supply Depot  
  23  3:01  SCV x2  
  23  3:04  Marine x2  
  27  3:13  SCV x2  
  27  3:19  Bunker  
  29  3:22  Marine x2, Supply Depot  
  29  3:23  Factory  
  31  3:30  SCV  
  31  3:31  SCV  
  33  3:40  Marine x2  
  35  3:43  SCV x2  
  37  3:48  Engineering Bay  
  37  3:55  SCV x2  
  39  4:07  Factory Tech Lab  
  39  4:11  Starport  
  39  4:14  Command Center, Engineering Bay  
  39  4:15  SCV x2  
  41  4:23  Refinery  
  41  4:24  Marine  
  41  4:26  Marine  
  41  4:27  SCV x2, Refinery  
  45  4:33  Siege Tank  
  48  4:39  SCV x2  
  48  4:45  Marine x2  
  52  4:51  SCV x2  
  54  4:59  Barracks  
  54  5:01  Hyperflight Rotors  
  54  5:03  SCV x2  
  54  5:05  Widow Mine  
  58  5:13  Starport Tech Lab  
  58  5:19  Starport  
  58  5:25  Marine x2  
  58  5:27  Widow Mine  
  58  5:28  Orbital Command  
  62  5:38  Banshee  
  65  5:48  Barracks Tech Lab  
  65  5:56  Widow Mine  
  67  5:58  Starport  
  67  6:01  SCV x3  
  70  6:13  SCV x2  
  70  6:15  Starport Tech Lab  
  70  6:18  Widow Mine  
  74  6:23  Command Center, Banshee  
  77  6:35  Starport  
  77  6:40  SCV x2  
  79  6:49  Siege Tank  
  79  6:52  SCV x2  
  84  7:03  Supply Depot  
  84  7:05  Cloaking Field  
  84  7:09  Orbital Command, Starport Tech Lab  
  84  7:16  Fusion Core  
  84  7:24  Banshee x2, Siege Tank  
  93  7:32  Starport Tech Lab  
  93  7:33  Refinery  
  93  7:40  Refinery  
  93  7:41  Banshee  
  96  7:44  Orbital Command  
  96  7:56  Siege Tank  
  99  8:00  Armory  
  99  8:02  Armory  
  99  8:05  Command Center  
  99  8:15  SCV x3  
  102  8:27  SCV x2  
  102  8:29  SCV  
  102  8:30  SCV  
  106  8:36  Weapon Refit  
  106  8:39  SCV  
  107  8:45  Supply Depot  
  107  8:47  Supply Depot  
  107  8:48  SCV, Supply Depot  
  108  9:07  SCV x2, Battlecruiser  
  108  9:09  SCV x2, Battlecruiser, Supply Depot  
  124  9:11  Terran Ship Weapons Level 1, Supply Depot  
  124  9:12  Terran Vehicle And Ship Armor Level 1, Supply Depot  
  124  9:19  SCV x2  
  124  9:20  Siege Tank  
  124  9:21  SCV x2, Viking  
  133  9:34  Planetary Fortress  
  133  9:40  Supply Depot  
  133  9:52  Siege Tank  
  136  9:56  Refinery  
  136  9:58  Refinery  
  136  9:59  Command Center  
  136  10:02  Supply Depot  
  136  10:03  Command Center, Battlecruiser  
  142  10:11  Command Center  
  142  10:24  Siege Tank, Supply Depot  
  142  10:25  SCV x2  
  142  10:26  SCV x3  
  150  10:37  SCV  
  150  10:38  SCV  
  152  10:43  SCV x3  
  152  10:47  Supply Depot  
  152  10:48  Battlecruiser  
  152  10:49  Battlecruiser x2  
  174  10:50  SCV  
  174  10:56  Siege Tank  
  177  11:06  SCV x3  
  177  11:07  SCV  
  177  11:09  Terran Ship Weapons Level 2  
  177  11:10  Terran Vehicle And Ship Armor Level 2  
  181  11:12  Battlecruiser  
  188  11:18  SCV x2  
  188  11:19  SCV x2  
  191  11:29  Planetary Fortress  
  191  11:30  SCV  
  191  11:32  Planetary Fortress  
  192  11:34  Planetary Fortress  
  192  11:38  Orbital Command  
  192  11:39  Refinery  
  192  11:40  Refinery  
  192  11:59  Missile Turret  
  191  12:01  Missile Turret  
  191  12:03  Missile Turret x2  
  191  12:04  Missile Turret  
  191  12:05  Missile Turret  
  191  12:08  Missile Turret  
  132  12:41  Battlecruiser  
  132  12:42  Battlecruiser x3  
  153  13:13  Command Center  
  153  13:15  SCV  
  154  13:27  SCV  
  154  13:32  Terran Ship Weapons Level 3  
  154  13:33  Terran Vehicle And Ship Armor Level 3  
  155  13:39  SCV  
  156  13:46  Battlecruiser x2  
  168  13:49  Missile Turret  
  168  13:50  Missile Turret  
  168  13:52  SCV  
  168  13:55  Missile Turret  
  169  14:02  Refinery  
  169  14:03  Refinery  
  169  14:04  SCV x4  
  169  14:05  SCV x2  
  169  14:08  Battlecruiser  
  181  14:10  Battlecruiser  
  181  14:13  Missile Turret  
  181  14:14  Missile Turret  
  181  14:16  SCV x4  
  181  14:17  SCV x2  
  192  14:20  Missile Turret  
  193  14:28  SCV x4  
  193  14:29  SCV x2, Planetary Fortress  
  199  14:32  Refinery  
  199  14:37  Missile Turret  
  197  14:38  Missile Turret  
  197  14:40  Missile Turret  
  191  14:50  Battlecruiser  
  161  15:02  Battlecruiser  
  160  15:12  Battlecruiser  
  166  15:14  Battlecruiser  
  172  15:41  Command Center  
  172  15:43  Command Center  
  170  15:54  Battlecruiser  
  174  16:07  Battlecruiser  
  162  16:16  Battlecruiser  
  150  16:28  Barracks  
  150  16:30  Barracks  
  142  16:34  Barracks  
  142  16:36  Barracks  
  142  16:39  Barracks  
  140  16:40  Barracks x2  
  140  16:41  Barracks  
  140  16:45  Barracks x2  
  124  16:58  Command Center  
  124  17:31  Marine  
  124  17:32  Marine x7  
  124  17:33  Marine x4  
  136  17:46  Command Center  
  136  17:49  Marine x2  
  136  17:50  Marine x7  
  136  17:51  Marine x3  
  146  17:52  Command Center  
  146  17:53  Medivac x4, Command Center  
  146  17:58  Terran Vehicle Weapons Level 1  
  147  18:07  Marine  
  126  18:23  Medivac x4  
  119  18:49  Engineering Bay  
  119  18:50  Engineering Bay  
  119  18:53  Medivac x2  
  120  19:00  Marine x6  
  120  19:01  Marine x6  
  114  19:17  Marine  
  114  19:18  Marine x6  
  114  19:19  Marine x5  
  126  19:27  Supply Depot  
  123  19:35  Marine x2  
  123  19:36  Marine x5  
  123  19:37  Marine x3  
  135  19:45  Barracks Tech Lab  
  134  19:46  Barracks Tech Lab  
  133  19:53  Marine x2  
  133  19:54  Marine x6  
  133  19:55  Marine x2  
  133  19:59  Terran Infantry Weapons Level 1, Terran Infantry Armor Level 1  
  143  20:11  Marine x3  
  143  20:12  Marine x6  
  143  20:13  Marine  
  135  20:29  Marine  
  135  20:32  Marine  
  130  20:45  Marine x3  
  130  20:46  Marine x6  
  130  20:47  Marine  
  130  20:49  Combat Shield  
  133  20:50  Stimpack  
  130  21:03  Marine x2  
  132  21:14  Supply Depot  
  132  21:16  Supply Depot x2  
  132  21:17  Supply Depot  
  132  21:19  Supply Depot  
  132  21:21  Supply Depot  
  132  21:22  Supply Depot  
  132  21:24  Supply Depot, Refinery  
  132  21:26  Refinery  
  132  21:27  Orbital Command  
  132  21:32  Marine  
  129  21:33  Marine  
  129  21:36  Marine x8  
  133  21:53  Raven x2  
  133  21:54  Marine x3  
  107  22:27  Raven x2  
  110  22:36  Marine x4  
  110  22:37  Marine x6  
  114  22:54  Marine x5  
  114  22:55  Marine x5  
  124  23:01  Raven x2  
  128  23:07  Orbital Command  
  128  23:12  Marine x6  
  131  23:13  Marine x4  
  131  23:15  Refinery  
  131  23:16  Refinery  
  137  23:29  Marine  
  137  23:30  Marine x6  
  137  23:31  Marine x3  
  147  23:47  Marine x2  
  147  23:48  Marine  
  150  23:52  Marine x7  
  157  24:05  Marine x3  
  157  24:09  Marine x2  
  159  24:10  Marine  
Show
View Real Time Build Order
Export as new Build Order

SCIInewby Zerg 

Build Orders: Hatch First 

Get SALT Encoding   

  12  0:00  Drone  
  13  0:10  Drone  
  14  0:21  Overlord, Extractor  
  14  0:43  Drone x3  
  17  0:55  Extractor  
  16  1:04  Hatchery  
  15  1:06  Drone x2  
  17  1:20  Spawning Pool  
  17  1:22  Drone  
  17  1:28  Drone  
  18  1:48  Drone  
  18  1:49  Drone  
  20  1:56  Extractor  
  19  2:02  Drone  
  19  2:06  Queen  
  22  2:17  Roach Warren  
  22  2:18  Drone  
  22  2:23  Drone  
  22  2:29  Drone  
  25  2:30  Drone  
  25  2:34  Drone  
  26  2:38  Extractor  
  26  2:41  Queen  
  27  2:45  Lair  
  27  2:48  Drone  
  28  2:51  Zergling x2  
  28  2:56  Overlord  
  28  3:19  Drone x2  
  31  3:20  Drone x5  
  31  3:21  Drone  
  36  3:32  Spore Crawler  
  35  3:35  Spore Crawler  
  35  3:41  Spine Crawler  
  33  3:42  Drone  
  33  3:47  Evolution Chamber  
  33  3:52  Drone, Spine Crawler  
  33  3:54  Drone  
  34  3:57  Drone  
  34  4:01  Glial Reconstitution  
  35  4:04  Drone  
  36  4:11  Overlord  
  36  4:15  Zerg Missile Weapons Level 1  
  36  4:23  Spire  
  35  4:24  Overlord  
  35  4:38  Drone x6  
  41  4:48  Queen  
  41  4:50  Drone  
  41  4:51  Drone  
  45  4:55  Extractor  
  45  4:58  Drone  
  45  5:04  Roach x3  
  51  5:11  Overlord  
  51  5:24  Drone  
  51  5:26  Hatchery  
  51  5:40  Drone  
  51  5:41  Drone x4  
  56  5:45  Mutalisk  
  56  5:48  Zerg Flyer Weapons Level 1  
  58  5:54  Drone x2  
  58  5:56  Infestation Pit  
  59  6:09  Zerg Melee Weapons Level 1  
  59  6:10  Overlord x2  
  59  6:11  Overlord  
  59  6:24  Overlord x5  
  59  6:31  Tunneling Claws  
  59  6:38  Hive  
  68  6:52  Drone x3  
  68  6:53  Drone x4  
  75  7:16  Corruptor x2  
  75  7:17  Corruptor x2  
  75  7:19  Roach x2  
  87  7:27  Drone x4  
  87  7:29  Overlord  
  91  7:30  Hydralisk Den  
  91  7:35  Overseer x2  
  90  7:41  Roach x4  
  101  8:03  Zerg Ground Armor Level 1  
  101  8:13  Grooved Spines  
  101  8:16  Hydralisk x5  
  101  8:17  Hydralisk  
  113  8:22  Drone  
  113  8:23  Drone x6  
  113  8:24  Drone  
  113  8:26  Extractor  
  120  8:29  Extractor  
  119  8:47  Drone x3  
  122  9:15  Burrow  
  122  9:19  Muscular Augments  
  122  9:23  Hatchery, Corruptor x2  
  122  9:24  Corruptor x5  
  125  9:27  Roach  
  125  9:28  Overlord x3  
  125  9:29  Overlord x3  
  137  9:40  Overlord  
  137  9:41  Overlord x4  
  137  9:44  Greater Spire  
  137  9:46  Extractor  
  137  9:47  Metabolic Boost  
  137  9:49  Extractor  
  135  9:57  Zerg Missile Weapons Level 2  
  135  10:16  Drone  
  135  10:17  Drone x8  
  135  10:18  Drone  
  145  10:31  Queen  
  147  10:39  Drone  
  147  10:40  Hydralisk  
  147  10:41  Hydralisk x6  
  147  10:42  Hydralisk  
  164  10:55  Roach x3  
  164  10:56  Mutalisk  
  170  10:57  Zergling x2, Mutalisk x2  
  170  10:58  Mutalisk  
  179  11:06  Adrenal Glands  
  179  11:11  Brood Lord  
  179  11:14  Brood Lord  
  183  11:20  Drone  
  183  11:21  Drone x5, Overlord  
  183  11:22  Overlord x5  
  189  11:26  Brood Lord  
  189  11:28  Brood Lord  
  193  11:43  Swarm Host x2  
  199  11:51  Hatchery  
  198  11:58  Unknown  
  158  12:26  Corruptor x5  
  158  12:27  Corruptor x6  
  142  12:39  Mutalisk x2  
  142  12:40  Zergling x2, Mutalisk  
  138  12:59  Mutalisk  
  138  13:00  Mutalisk x3  
  146  13:12  Queen  
  146  13:15  Drone x4  
  152  13:28  Swarm Host  
  176  13:36  Brood Lord  
  176  13:37  Extractor  
  176  13:38  Extractor, Mutalisk  
  176  13:39  Zergling x2  
  176  13:40  Zergling x28  
  193  14:10  Mutalisk  
  193  14:11  Ultralisk Cavern, Mutalisk x2  
  193  14:13  Nydus Network  
  183  14:52  Corruptor x5  
  176  14:53  Corruptor x4  
  164  15:12  Drone x2  
  164  15:13  Drone x2, Mutalisk x3  
  164  15:14  Mutalisk x2  
  178  15:25  Mutalisk  
  178  15:26  Mutalisk  
  182  15:29  Mutalisk  
  182  15:30  Zergling x4  
  182  15:31  Zergling x26  
  182  15:32  Zergling x2  
  184  16:16  Corruptor  
  184  16:17  Corruptor x8  
  193  16:23  Mutalisk  
  190  16:26  Roach  
  190  16:27  Roach x4  
  172  17:03  Zergling x2  
  172  17:04  Zergling x18  
  172  17:05  Zergling x28  
  196  17:14  Hydralisk x2  
  200  17:15  Pneumatized Carapace  
  191  18:10  Hatchery  
  191  18:11  Mutalisk x6  
  191  18:12  Mutalisk x9  
  172  18:21  Hydralisk x2  
  172  18:22  Hydralisk x2  
  174  18:31  Zergling x10  
  174  18:32  Zergling x42  
  193  18:50  Mutalisk x3  
  179  19:10  Hydralisk x6  
  179  19:11  Hydralisk x2  
  185  19:35  Infestor  
  185  19:36  Hydralisk x4  
  195  19:46  Drone x6, Extractor  
  195  19:47  Extractor  
  195  19:49  Overlord x3  
  189  20:23  Hatchery  
  150  20:48  Corruptor x7  
  150  20:49  Corruptor  
  156  20:52  Extractor  
  156  20:54  Drone  
  156  20:55  Drone x7  
  156  20:56  Extractor  
  154  21:12  Mutalisk  
  154  21:13  Mutalisk  
  154  21:15  Zergling x10  
  154  21:16  Zergling x34  
  154  21:17  Zergling x28  
  194  21:37  Mutalisk x3  
  200  21:49  Swarm Host  
  197  22:01  Swarm Host  
  184  22:02  Swarm Host  
  157  22:20  Mutalisk  
  157  22:21  Mutalisk x2  
  156  22:31  Mutalisk x2, Zergling x2  
  156  22:32  Zergling x4  
  156  22:33  Zergling x14  
  156  22:34  Zergling x8  
  152  22:53  Mutalisk  
  152  22:54  Mutalisk x2  
  152  22:56  Roach  
  112  23:41  Roach  
  112  23:42  Roach x11  
  112  23:43  Roach x5  
  126  23:52  Roach  
  126  23:53  Roach x3  
Tags
 
Add a new tag
Caveats
  • Supply blocks, unpowered buildings, or Contaminate may cause inaccurate times.
  • Supply counts are checked every 10 seconds.